 Dungeon Crawl Stone Soup version 0.19.5 (webtiles) character file.

91 Azzok the Skirmisher (level 4, -11/44 HPs)
             Began as a Minotaur Fighter on July 14, 2017.
             Mangled by Azzok's ghost (12 damage)
             ... on level 3 of the Dungeon.
             The game lasted 00:03:33 (1817 turns).

Azzok the Skirmisher (Minotaur Fighter)             Turns: 1817, Time: 00:03:33

Health: -11/44     AC: 13    Str: 26    XL:     4   Next: 33%
Magic:  3/3        EV:  6    Int:  5    God:
Gold:   135        SH: 15    Dex: 10    Spells: 0 memorised, 3 levels left

rFire  . . .     SeeInvis .     a - +0 long sword
rCold  + . .     Gourm    .     l - +0 chain mail
rNeg   . . .     Faith    .     c - +0 shield
rPois  .         Spirit   .     (helmet restricted)
rElec  .         Reflect  +     (no cloak)
rCorr  .         Harm     .     m - +0 pair of gloves
MR     .....                    o - +2 pair of boots
Stlth  ..........               e - +5 amulet of reflection
                                (no ring)
                                b - ring of protection from cold

@: mighty
A: retaliatory headbutt, horns 2
a: no special abilities


You were on level 3 of the Dungeon.
You were not hungry.

You visited 1 branch of the dungeon, and saw 3 of its levels.

You collected 135 gold pieces.

Inventory:

Hand Weapons
 a - a +0 long sword (weapon)
Armour
 c - a +0 shield (worn)
 l - a +0 chain mail (worn)
 m - a +0 pair of gloves (worn)
 o - a +2 pair of boots (worn)
Jewellery
 b - a ring of protection from cold (left hand)
 e - a +5 amulet of reflection (around neck)
Scrolls
 i - 2 scrolls of teleportation
 q - a scroll of magic mapping {unknown}
 r - a scroll of enchant weapon {unknown}
 s - 3 scrolls of identify {unknown}
Potions
 g - a potion of curing {unknown}
 n - a potion of heal wounds {unknown}
 p - a potion of degeneration {unknown}
Comestibles
 f - 2 bread rations {@e1}
 h - a chunk of flesh {@w0}
 j - 3 meat rations {@e2}
 k - a slice of pizza


   Skills:
 * Level 6.2 Fighting
 - Level 2.4 Long Blades
 - Level 3.6 Armour
 - Level 3.6 Shields


You had 3 spell levels left.
You didn't know any spells.

Dungeon Overview and Level Annotations

Branches:
Dungeon (3/15)

Altars:

Annotations:
D:3 Azzok's ghost, novice MiFi


Innate Abilities, Weirdness & Mutations

You reflexively headbutt those who attack you in melee.
You have a pair of horns on your head.


Message History

You block Azzok's ghost's attack.
You hit Azzok's ghost but do no damage.
You headbutt Azzok's ghost, but do no damage.
Azzok's ghost is moderately damaged.
Azzok's ghost hits you but does no damage. x2
You hit Azzok's ghost but do no damage. You headbutt Azzok's ghost!
Azzok's ghost is heavily damaged.
Azzok's ghost hits you.
* * * LOW HITPOINT WARNING * * *
You take 4 damage, and have 10/44 hp.
You hit Azzok's ghost. You headbutt Azzok's ghost!!
Azzok's ghost is almost destroyed.
Azzok's ghost hits you!
* * * LOW HITPOINT WARNING * * *
You take 9 damage, and have 1/44 hp.
MASSIVE DAMAGE!!
You hit Azzok's ghost.
Azzok's ghost is almost destroyed.
Azzok's ghost screams, "Zot is a myth, the ORB is a fable, you'll soon be a tale!"
You block Azzok's ghost's attack. Azzok's ghost hits you!
You die...

▒▒▒
··▒
▒·▒
▒·▒
▒·▒
▒·▒
▒@▒
▒W▒
···
▒▒·▒▒
▒·▒
··[
▒·▒
▒▒
▒▒▒▒▒
▒·▒
··
····▒


You could see Azzok's ghost.

Vanquished Creatures
  An iguana (D:2)
  2 adders (D:2)
  2 worms (D:2)
  A dart slug (D:2)
  A ball python (D:2)
  4 goblins
  5 hobgoblins
  4 jackals (D:1)
  A quokka (D:2)
  10 bats
  6 frilled lizards
  4 kobolds
  4 rats
45 creatures vanquished.

Notes
Turn   | Place    | Note
-------+----------+-------------------------------------------
     0 | D:1      | Azzok the Minotaur Fighter began the quest for the Orb.
     0 | D:1      | Reached XP level 1. HP: 19/19 MP: 0/0
   136 | D:1      | Reached skill level 4 in Fighting
   250 | D:1      | Reached XP level 2. HP: 22/27 MP: 1/1
   868 | D:2      | Reached skill level 5 in Fighting
   900 | D:2      | Reached XP level 3. HP: 32/36 MP: 2/2
  1622 | D:2      | Reached skill level 6 in Fighting
  1622 | D:2      | Reached XP level 4. HP: 25/44 MP: 3/3
  1798 | D:3      | Noticed Azzok's ghost (novice MiFi)
  1816 | D:3      | HP: 1/44 [Azzok's ghost (9)]
  1817 | D:3      | Mangled by Azzok's ghost

Skill      XL: |  1  2  3 |
---------------+----------+-----
Fighting       | 4 5 6 |  6.2
Long Blades    | |  2.4
Armour         | |  3.6
Shields        | |  3.6

Action                   |  1- 3 |  4- 6 || total
-------------------------+-------+-------++-------
Melee: Long sword        |    64 |    18 ||    82
       Spear             |    84 |       ||    84
       Headbutt          |    26 |     6 ||    32
  Use: Scroll            |     2 |       ||     2
       Potion            |       |     1 ||     1
  Eat: Chunk             |     2 |     1 ||     3
Armor: Scale mail        |    64 |       ||    64
       Chain mail        |     2 |     4 ||     6
Dodge: Dodged            |    42 |       ||    42
Block: Shield            |   124 |    13 ||   137
       Reflection        |     1 |       ||     1
       Rpst.: Long sword |     2 |       ||     2
